 Dungeon Crawl Stone Soup version 0.29.1 (webtiles) character file.

Game seed: 18062431817246229100

116 SensoryNuts the Sneak (level 5, 0/34 HPs)
             Began as an Octopode Brigand on Sept 14, 2022.
             Slain by a bat (1 damage)
             ... on level 2 of the Dungeon.
             The game lasted 00:01:42 (1668 turns).

SensoryNuts the Sneak (Octopode Brigand)            Turns: 1668, Time: 00:01:43

Health: 0/34       AC:  1    Str:  8 (10) XL:     5   Next: 0%
Magic:  5/5        EV: 13    Int: 11 (14) God:
Gold:   61         SH:  0    Dex: 13 (15) Spells: 4/4 levels left

rFire   . . .      SeeInvis .   a - +3 dagger
rCold   . . .      Faith    .   (no shield)
rNeg    . . .      Spirit   .   (helmet restricted)
rPois   .          Reflect  .   (no amulet)
rElec   .          Harm     .   (no ring)
rCorr   .          Rampage  .   (no ring)
Will    .....                   (no ring)
Stlth   +++++.....              (no ring)
HPRegen 0.11/turn               (no ring)
MPRegen 0.09/turn               (no ring)
                                (no ring)
                                (no ring)

@: no status effects
A: almost no armour, amphibious, 8 rings, camouflage 1, gelatinous body 1,
(nimble swimmer 1), tentacles
a: no special abilities


You were on level 2 of the Dungeon.
You visited 1 branch of the dungeon, and saw 2 of its levels.

You collected 61 gold pieces.

Inventory:

Hand Weapons
 a - a +3 dagger (weapon)
Missiles
 b - 9 poisoned darts (quivered)
 c - 3 curare-tipped darts
Potions
 d - a potion of mutation


   Skills:
 + Level 2.2 Fighting
 + Level 2.4 Short Blades
 + Level 2.0 Throwing
 + Level 1.4 Dodging
 * Level 7.8 Stealth


You had 4 spell levels left.
You didn't know any spells.
Your spell library was empty.

Dungeon Overview and Level Annotations

Branches:
Dungeon (2/15)

Altars:

Annotations:
D:2 Terence


Innate Abilities, Weirdness & Mutations

You cannot wear most types of armour.
You are amphibious.
You can wear up to eight rings at the same time.
Your skin changes colour to match your surroundings (Stealth+).
Your rubbery body absorbs attacks. (AC +1, EV +1)
((You are camouflaged when in or above water. (Stealth+)))
You have tentacles for arms and can constrict up to eight enemies at once.


Message History

The bat completely misses you. Terence barely misses you.
You touch Terence but do no damage.
Terence is almost dead.
The bat hits you. Terence hits you but does no damage.
You barely miss Terence.
Terence is severely wounded.
Your transformation is almost over.
The bat completely misses you.
You touch Terence but do no damage.
Terence is severely wounded.
The bat misses you. Terence hits you with a +0 flail.
You touch Terence but do no damage.
Terence is severely wounded.
Terence screams, "I want your blood!" Terence hits you with a +0 flail!
* * * LOW HITPOINT WARNING * * *
The bat completely misses you.
You are too injured to fight recklessly!
Terence attacks as you move away! Terence hits you with a +0 flail!
* * * LOW HITPOINT WARNING * * *
The bat misses you. The bat completely misses you. The bat closely misses you.
The bat barely misses you. The bat misses you.
Terence shouts, "Get ready for death!"
The bat completely misses you.
You condense into your normal self.
Your +3 dagger unmelds from your body.
The bat closely misses you.
It was a potion of degeneration.
There was something very wrong with that liquid.
You feel weakened.
You feel dopey.
You feel clumsy. The bat closely misses you. The bat misses you.
You aren't carrying any scrolls.
You aren't carrying any scrolls.
Terence screams, "I'm going to kill you!"
Terence zaps a wand.
You resist with some effort. The bat hits you.
* * * LOW HITPOINT WARNING * * *
The bat barely misses you. The bat hits you.
You die...

###'### #.# #.# ########.#
#.)....#'#######
#..............######
#..............+ ...#
##..............####.########
................@b.@........#..
..).............####........#.#
..÷.............# #........+..
........######### #........#.#
....##### ####........#.# #
....# #...###.#####.#.# ....#
#...# #.# #.#.. #####
#...###.#####.†..
#.........@...#.#


You could see Terence and a bat.

Vanquished Creatures
  A scorpion (D:2)
  An adder (D:2)
  A worm (D:2)
  A dart slug (D:1)
  5 ball pythons
  4 bats (D:1)
  4 endoplasms (D:1)
  3 giant cockroaches
  6 goblins
  3 hobgoblins
  A quokka (D:2)
  2 frilled lizards (D:1)
  4 kobolds (D:1)
  A rat (D:1)
37 creatures vanquished.

Notes
Turn   | Place    | Note
-------+----------+-------------------------------------------
     0 | D:1      | SensoryNuts the Octopode Brigand began the quest for the
                  | Orb.
     0 | D:1      | Reached XP level 1. HP: 14/14 MP: 1/1
    82 | D:1      | Reached skill level 6 in Stealth
    82 | D:1      | Reached XP level 2. HP: 16/19 MP: 2/2
   804 | D:1      | Reached XP level 3. HP: 24/24 MP: 3/3
  1329 | D:2      | Noticed a scorpion
  1334 | D:2      | Killed a scorpion
  1335 | D:2      | Reached skill level 7 in Stealth
  1335 | D:2      | Reached XP level 4. HP: 29/29 MP: 4/4
  1631 | D:2      | Noticed Terence
  1634 | D:2      | Reached XP level 5. HP: 34/34 MP: 5/5
  1652 | D:2      | HP: 1/34 [Terence/+0 flail (8)]
  1665 | D:2      | HP: 1/34 [bat (1)]
  1668 | D:2      | Slain by a bat

Illustrated notes

Levels and vault maps discovered:
D:1:      minmay_arrival_floating_metal, layout_loops_corners
D:2:      layout_basic, basic_altar, uniq_crazy_yiuf_cottage, uniq_terence,
          uniq_sigmund

Skill      XL: |  1  2  3 |
---------------+----------+-----
Stealth        | 6 7 |  7.8
Fighting       | |  2.2
Short Blades   | |  2.4
Throwing       | |  2.0
Dodging        | |  1.4

Action                   |  1- 3 |  4- 6 || total
-------------------------+-------+-------++-------
Melee: Dagger            |    47 |    17 ||    64
       Tentacles         |    10 |     4 ||    14
       Constrict         |     9 |     5 ||    14
       Punch             |     1 |       ||     1
       Unarmed           |       |    17 ||    17
  Use: Scroll            |     3 |       ||     3
       Potion            |       |     1 ||     1
 Stab: Sleeping          |    12 |     2 ||    14
Armor: Skin              |     1 |     3 ||     4
Dodge: Dodged            |    17 |    39 ||    56
